 Dungeon Crawl Stone Soup version 0.27-a0-1332-g84bddb5ca7 (webtiles) character file.

Game seed: 3748091810049715359

43 dinky3 the Sneak (level 3, -1/16 HPs)
             Began as a Spriggan Enchanter on June 25, 2021.
             Slain by a black bear (2 damage)
             ... on level 5 of the Dungeon.
             The game lasted 00:08:09 (1217 turns).

dinky3 the Sneak (Spriggan Enchanter)               Turns: 1217, Time: 00:08:10

Health: -1/16      AC:  4    Str:  4    XL:     3   Next: 37%
Magic:  8/8        EV: 17    Int: 17    God:
Gold:   114        SH:  0    Dex: 15    Spells: 1/7 levels left

rFire    . . .     SeeInvis +   a - +1 dagger
rCold    . . .     Faith    .   (shield restricted)
rNeg     . . .     Spirit   .   b - +0 robe
rPois    .         Reflect  .   j - +2 hat
rElec    .         Harm     .   (no cloak)
rCorr    .         Rampage  .   (gloves unavailable)
Will     .....                  (boots unavailable)
Stlth    +++.......             (no amulet)
HPRegen  0.05/turn              (no ring)
MPRegen  0.11/turn              (no ring)

@: very quick
A: very small, no large weapons, unfitting armour, see invisible, speed 3
a: no special abilities


You were on level 5 of the Dungeon.
You visited 1 branch of the dungeon, and saw 5 of its levels.

You collected 114 gold pieces.

Inventory:

Hand Weapons
 a - a +1 dagger (weapon)
Armour
 b - a +0 robe (worn)
 j - a +2 hat (worn)
Scrolls
 d - a scroll of holy word {unknown}
 e - a scroll of identify {unknown}
 g - 2 scrolls of silence {unknown}
 h - a scroll of enchant armour {unknown}
 i - 2 scrolls of teleportation {unknown}


   Skills:
 + Level 2.1 Short Blades
 - Level 2.8 Dodging
 + Level 5.2 Stealth
 - Level 2.8 Spellcasting
 + Level 4.2 Hexes


You had one spell level left.
You knew the following spells:

 Your Spells              Type           Power      Damage    Failure   Level
a - Corona                Hex            17%        N/A       3%          1
b - Ensorcelled Hibernat  Hex/Ice        18%        N/A       12%         2
c - Tukima's Dance        Hex            16%        N/A       10%         3

Your spell library contained the following spells:

 Spells                   Type           Power      Damage    Failure   Level
 Confusing Touch          Hex            16%        N/A       10%         3
 Dazzling Flash           Conj/Hex       18%        N/A       22%         3


Dungeon Overview and Level Annotations

Branches:
Dungeon (5/15)
 Temple: D:4-7

Altars:


Innate Abilities, Weirdness & Mutations

You are very small and have problems with some larger weapons.
You are too small for most types of armour.
You have supernaturally acute eyesight. (SInv)
You cover ground extremely quickly. (Speed+++)


Message History

You start putting on your armour.
You continue putting on your +2 hat. x4
You finish putting on your +2 hat.
A hound skeleton comes into view.
The kobold shouts!
You hit the hound skeleton.
The hound skeleton is lightly damaged.
The hound skeleton closely misses you.
The kobold throws a poisoned dart.
The poisoned dart completely misses you.
There is an escape hatch in the ceiling here.
A mysterious force pulls you upwards. The hatch slams shut behind you.
There is a stone staircase leading down here.
You climb downwards.
There is a stone staircase leading up here.
Found 20 gold pieces.
You now have 90 gold pieces (gained 7).
You now have 103 gold pieces (gained 13).
Found a stone staircase leading down.
There is a stone staircase leading down here.
You climb downwards. 2 jackals come into view.
Found 2 arrows.
Found a stone staircase leading down.
There is a stone staircase leading up here.
The jackal barks!
You hear a shout!
Found 11 gold pieces.
A black bear comes into view.
Found 2 bubbling yellow potions.
You see here 11 gold pieces.
You now have 114 gold pieces (gained 11).
A jackal comes into view.
The jackal moves out of view.
Found 23 stones.
The helpless black bear fails to defend itself.
You impale the black bear!!
The black bear is almost dead.
The black bear bites you.
* * * LOW HITPOINT WARNING * * *
The black bear claws you.
* * * LOW HITPOINT WARNING * * *
The black bear claws you.
You die...

.# .# .# ##(# .# ...
..# #.. ...# ..
#.##...# #...###h#....#
#.....@..# #.####.#.##
#.#.......## .
#..........## .........
#...........#
.......>..#...........#
....... .#............#
...... ....#......^..##
....##..h###....#...##


You could see a black bear.

Vanquished Creatures
  2 adders
  2 dart slugs
  A bat (D:3)
  4 endoplasms
  2 giant cockroaches
  A hobgoblin (D:1)
  2 quokkas
  2 ball pythons (D:1)
  2 frilled lizards (D:1)
  3 rats (D:1)
21 creatures vanquished.

Notes
Turn   | Place    | Note
-------+----------+-------------------------------------------
     0 | D:1      | dinky3 the Spriggan Enchanter began the quest for the Orb.
     0 | D:1      | Reached XP level 1. HP: 9/9 MP: 5/5
   205 | D:1      | Reached XP level 2. HP: 2/13 MP: 6/6
   376 | D:2      | Reached skill level 5 in Stealth
   485 | D:2      | Learned a level 2 spell: Ensorcelled Hibernation
   512 | D:3      | Reached XP level 3. HP: 8/16 MP: 2/8
   850 | D:4      | Noticed an ogre
   862 | D:5      | Entered Level 5 of the Dungeon
   867 | D:5      | Learned a level 3 spell: Tukima's Dance
   909 | D:4      | Noticed a scorpion
  1027 | D:4      | Noticed an ogre
  1050 | D:4      | Noticed a black bear
  1209 | D:5      | Noticed a black bear
  1217 | D:5      | Slain by a black bear

Illustrated notes

Levels and vault maps discovered:
D:1:      dpeg_arrival_houses_and_road, layout_rooms, grunt_decor_arrowhead
D:2:      minmay_angry_zag, layout_loops_corners,
          ebering_ecumenical_altar_petrified, minmay_misc_feat_chi,
          ebering_dispersal_statue_hall, supply_closet_lemuel,
          kennysheep_potato, uniq_crazy_yiuf_cottage
D:3:      layout_loops_ring
D:4:      layout_loops_ring
D:5:      layout_rooms, minmay_temple_entry_wispy

Skill      XL: |  1  2 |
---------------+-------+-----
Stealth        | 5 |  5.2
Hexes          | 4 |  4.2
Short Blades   | 2 |  2.1
Dodging        | |  2.8
Spellcasting   | |  2.8

Action                   || total
-------------------------++-------
Melee: Dagger            ||    48
 Cast: Ensorcelled Hiber ||    10
       Corona            ||     2
       Tukima's Dance    ||     1
  Use: Scroll            ||     1
       Potion            ||     1
 Stab: Sleeping          ||    14
Armor: Robe              ||     5
Dodge: Dodged            ||    29

Table legend: (Time is in decaauts)
 A = Elapsed time spent in this place.
 B = Non-inter-level travel time spent in this place.
 C = Inter-level travel time spent in this place.
 D = Time resting spent in this place.
 E = Time spent auto-exploring this place.
 F = Levels seen in this place.
 G = Mean time per level.
                   A        B        C        D        E       F      G
               +--------+--------+--------+--------+--------+-----+--------+
         Total |    784 |    784 |      0 |      0 |      0 |   5 |  156.8 |
       Dungeon |    784 |    784 |      0 |      0 |      0 |   5 |  156.8 |
               +--------+--------+--------+--------+--------+-----+--------+

Top non-repeatable levels by time:
     D:3: 230 daAuts
     D:4: 217 daAuts
     D:1: 198 daAuts
     D:2: 113 daAuts
     D:5: 25 daAuts
